 Dungeon Crawl Stone Soup version 0.20-a0-2-g2b0e13a (webtiles) character file.

2398 Bekkur the Destroyer (level 9, -9/57 HPs)
             Began as a Demonspawn Fire Elementalist on Oct 27, 2016.
             Was an Initiate of Qazlal.
             Shot with a bolt by an orc warrior (21 damage)
             ... in a bailey on Oct 28, 2016.
             The game lasted 00:32:44 (7834 turns).

Bekkur the Destroyer (Demonspawn Fire Elementalist) Turns: 7834, Time: 00:32:45

Health: -9/57      AC:  7    Str: 12    XL:     9   Next: 23%
Magic:  1/11       EV: 20    Int: 20    God:    Qazlal [......]
Gold:   354        SH:  0    Dex: 25    Spells: 4 memorised, 1 level left

rFire  + . .     SeeInvis .     A - +6 spear of Guile {protect, rF- rN++ MR+}
rCold  + . .     Gourm    .     a - +0 robe
rNeg   + + .     Faith    .     (no shield)
rPois  +         Spirit   .     (helmet restricted)
rElec  +         Reflect  .     (no cloak)
rCorr  +         Harm     .     j - +1 pair of gloves {Str+3}
MR     +....                    (no boots)
Stlth  ++++......               (no amulet)
                                (no ring)
                                g - ring "Wiugargho" {AC+2 Dex+5}

@: agile, about to teleport, resistant
A: horns 2, thin skeletal structure 1, fire resistance 1, low mp 2, powered by
death 2, regeneration 1, shaggy fur 1
a: Renounce Religion


You were in a bailey.
You worshipped Qazlal.
Qazlal was noncommittal.
You were not hungry.

You visited 2 branches of the dungeon, and saw 10 of its levels.
You also visited: Bailey.

You collected 354 gold pieces.

Inventory:

Hand Weapons
 o - a +2 dagger of draining
 p - a +3 dagger of flaming
 A - the +6 spear of Guile (weapon) {protect, rF- rN++ MR+}
   (You found it on level 9 of the Dungeon)

   It protects the one who uses it against injury (+AC on strike).
   It makes you vulnerable to fire.
   It greatly protects you from negative energy.
   It affects your resistance to hostile enchantments.
 E - a +1 trident of freezing
Armour
 a - a +0 robe (worn)
 j - a +1 pair of gloves of strength (worn)
Magical Staves
 G - an uncursed staff of earth
Jewellery
 g - the ring "Wiugargho" (left hand) {AC+2 Dex+5}
   (You found it on level 7 of the Dungeon)

   [ring of protection]

   It affects your AC (+2).
   It affects your dexterity (+5).
Wands
 i - a wand of flame (7/48)
 D - a wand of slowing (11/48)
Scrolls
 k - 2 scrolls of teleportation
 n - 3 scrolls of remove curse
 t - a scroll of recharging
 u - a scroll of magic mapping
 y - 3 scrolls of amnesia {unknown}
 B - 2 scrolls of fog {unknown}
 C - 2 scrolls of fear {unknown}
Potions
 d - 2 potions of cure mutation
 e - a potion of haste {unknown}
 h - 4 potions of flight
 m - a potion of degeneration {unknown}
 r - a potion of berserk rage {unknown}
 s - a potion of agility
 v - 2 potions of curing
 w - a potion of brilliance {unknown}
 x - a potion of mutation {unknown}
 z - a potion of resistance
 H - a potion of might {unknown}
 I - a potion of cancellation {unknown}
Books
 b - a book of Flames

   Spells                             Type                      Level
   a - Flame Tongue                   Conjuration/Fire             1
   b - Throw Flame                    Conjuration/Fire             2
   c - Conjure Flame                  Conjuration/Fire             3
   d - Inner Flame                    Hexes/Fire                   3
   e - Sticky Flame                   Conjuration/Fire             4
   f - Fireball                       Conjuration/Fire             5
Comestibles
 c - 2 bread rations
 l - 3 royal jellies
 q - 4 chunks of flesh


   Skills:
 + Level 3.7 Dodging
 - Level 1.7 Stealth
 + Level 3.4 Spellcasting
 - Level 9.0 Conjurations
 - Level 6.9 Fire Magic
 - Level 1.2 Evocations


You had one spell level left.
You knew the following spells:

 Your Spells              Type           Power        Failure   Level  Hunger
a - Flame Tongue          Conj/Fire      #####        1%          1    None
b - Conjure Flame         Conj/Fire      #####...     1%          3    ###....
c - Sticky Flame          Conj/Fire      #####...     8%          4    ####...
d - Fireball              Conj/Fire      #####.....   17%         5    ######.


Dungeon Overview and Level Annotations

Branches:
Dungeon (9/15)             Temple (1/1) D:6
   Lair: D:8-11         Orc: D:9-12

Altars:
Cheibriados
Fedhas
Gozag
Hepliaklqana
Kikubaaqudgha
Nemelex Xobeh
Qazlal
Sif Muna
Zin
The Shining One

Shops:
D:8 (

Annotations:
D:4 exclusion: downstairs
D:5 Vesto's ghost, amateur GrFi
D:6 Prince Ribbit Bailey Promi's ghost, novice DgCj


Innate Abilities, Weirdness & Mutations

You have a pair of horns on your head.
You have a somewhat thin skeletal structure. (Dex +2, Stealth)
You regenerate health from kills.
Your flesh is heat resistant. (rF+)
Your magical capacity is very low. (-20% MP)
Your natural rate of healing is unusually fast.
You are covered in fur. (AC +1)


Message History

The orc warrior shoots a bolt.
The bolt barely misses you. Promi's ghost closely misses you.
The orc shoots a bolt.
The bolt closely misses you.
You feel agile all of a sudden.
The orc warrior shoots a bolt.
The bolt completely misses you.
You feel protected.
Promi's ghost hits you but does no damage.
You feel much better.
The orc warrior shoots a bolt.
The bolt hits you!!
The orc shoots a bolt.
The bolt hits you.
Promi's ghost gestures at you while chanting.
The magic dart hits you!
You feel much better.
The orc warrior shoots a bolt.
The bolt hits you!!
* * * LOW HITPOINT WARNING * * *
The orc shoots a bolt.
The bolt hits you.
* * * LOW HITPOINT WARNING * * *
Promi's ghost casts a spell at you. The orb of energy misses you.
As you read the scroll of teleportation, it crumbles to dust.
You feel strangely unstable.
The orc warrior shoots a bolt.
The bolt hits you!!
You die...

............≈o o≈o..
..............≈## ##≈...
..............≈≈#o#≈≈...
...............≈≈≈≈≈....
........................
........................
........................
........W(....o.........
.......@................
..........((.(..(..((.(.
########################


You could see an orc warrior and Promi's ghost.

Vanquished Creatures
  2 hippogriffs
  A hungry ghost (D:9)
  An ice beast (D:7)
  2 sky beasts
  An orc warrior (D:8)
  A phantom (D:4)
  2 ogres
  A centaur (D:6)
  A big kobold (D:7)
  A bullfrog (D:8)
  A gnoll sergeant (D:8)
  4 killer bees (D:7)
  3 howler monkeys
  A centaur zombie (D:3)
  A bullfrog zombie (D:8)
  3 hounds
  A jelly (D:9)
  A centaur skeleton (D:7)
  An orc wizard (D:8)
  2 worker ants
  A hound zombie (D:5)
  A hound skeleton (D:6)
  A worker ant zombie (D:5)
  Robin (D:3)
  10 adders
  16 gnolls
  2 worms (D:3)
  3 adder skeletons
  An adder zombie (D:5)
  2 leopard geckos
  11 orcs
  5 giant cockroaches
  12 goblins
  10 hobgoblins
  11 jackals
  11 kobolds
  3 quokkas
  2 ball pythons
  A ball python skeleton (D:5)
  5 bats
  8 frilled lizards
  A leopard gecko skeleton (D:4)
  3 rats
152 creatures vanquished.

Notes
Turn   | Place    | Note
-------+----------+-------------------------------------------
     0 | D:1      | Bekkur the Demonspawn Fire Elementalist began the quest for the Orb.
     0 | D:1      | Reached XP level 1. HP: 13/13 MP: 3/3
   624 | D:1      | Gained mutation: You regenerate a little health from kills. [demonic ancestry]
   624 | D:1      | Reached XP level 2. HP: 19/19 MP: 3/5
   928 | D:2      | Gained mutation: You have a somewhat thin skeletal structure. (Dex +2, Stealth) [demonic ancestry]
   928 | D:2      | Reached XP level 3. HP: 8/24 MP: 0/6
  1069 | D:2      | Learned a level 3 spell: Conjure Flame
  1191 | D:4      | Reached XP level 4. HP: 9/30 MP: 1/7
  1603 | D:3      | Noticed Robin
  1667 | D:3      | Killed Robin
  1667 | D:3      | Reached skill level 5 in Fire Magic
  1667 | D:3      | Gained mutation: You regenerate health from kills. [demonic ancestry]
  1667 | D:3      | Reached XP level 5. HP: 33/35 MP: 0/8
  1753 | D:3      | Learned a level 4 spell: Sticky Flame
  1895 | D:3      | Reached skill level 2 in Conjurations
  2108 | D:3      | Reached skill level 3 in Conjurations
  2256 | D:3      | HP: 1/35 [centaur zombie (6)]
  2851 | D:2      | Gained mutation: You have a pair of small horns on your head. [demonic ancestry]
  2851 | D:2      | Reached XP level 6. HP: 36/41 MP: 6/9
  2986 | D:4      | HP: 1/41 [phantom (5)]
  3334 | D:4      | Reached skill level 4 in Conjurations
  3686 | D:4      | Reached skill level 5 in Conjurations
  3747 | D:4      | Reached skill level 1 in Evocations
  3847 | D:5      | Entered Level 5 of the Dungeon
  3848 | D:5      | Noticed Vesto's ghost (amateur GrFi)
  3897 | D:4      | Gained mutation: You have a pair of horns on your head. [demonic ancestry]
  3897 | D:4      | Reached XP level 7. HP: 33/46 MP: 1/10
  4025 | D:5      | Reached skill level 6 in Conjurations
  4182 | D:5      | Gained mutation: Scrolls take you a little longer to read. [mutagenic meat]
  4183 | D:5      | Gained mutation: Your natural rate of healing is unusually fast. [mutagenic meat]
  4926 | D:6      | Noticed Prince Ribbit
  4929 | D:6      | Found a staircase to the Ecumenical Temple.
  4999 | Temple   | Entered the Ecumenical Temple
  5008 | Temple   | Became a worshipper of Qazlal Stormbringer
  5226 | D:7      | Reached skill level 7 in Conjurations
  5428 | D:7      | Reached XP level 8. HP: 52/52 MP: 5/11
  5722 | D:7      | Got a fine jade ring
  5726 | D:7      | Identified the ring "Wiugargho" {AC+2 Dex+5} (You found it on level 7 of the Dungeon)
  5875 | D:7      | Reached skill level 8 in Conjurations
  5880 | D:7      | Gained mutation: Your magical capacity is low. (-10% MP) [mutagenic meat]
  5881 | D:7      | Lost mutation: Scrolls take you a little longer to read. [mutagenic meat]
  5882 | D:7      | Gained mutation: Your flesh is heat resistant. (rF+) [mutagenic meat]
  5883 | D:7      | Gained mutation: Your magical capacity is very low. (-20% MP) [mutagenic meat]
  5884 | D:7      | Gained mutation: You are covered in fur. (AC +1) [mutagenic meat]
  6269 | D:8      | Upgraded the game from 0.19-a0-1937-g70ed36a to 0.20-a0-2-g2b0e13a
  6379 | D:8      | Reached skill level 9 in Conjurations
  6627 | D:8      | Found Efaudgh's Weapon Boutique.
  6828 | D:8      | Noticed a hippogriff
  6843 | D:8      | Killed a hippogriff
  6843 | D:8      | Reached XP level 9. HP: 57/57 MP: 5/10
  6974 | D:8      | Learned a level 5 spell: Fireball
  7766 | D:9      | Found a flagged portal.
  7775 | D:9      | Got a fine spear
  7777 | D:9      | Identified the +6 spear of Guile {protect, rF- rN++ MR+} (You found it on level 9 of the Dungeon)
  7779 | Bailey   | Entered a bailey
  7807 | Bailey   | Noticed Promi's ghost (novice DgCj)
  7834 | Bailey   | Shot with a bolt by an orc warrior

Vault maps used:
D:1:      tarquinn_simple_flora_water_a
D:2:      first_bread, minmay_pentomino_q2
D:3:      minivault_11, uniq_robin
D:4:      st_stairs_4
D:6:      uniq_prince_ribbit1
D:7:      hangedman_decor_growths
D:8:      serial_shops, kennysheep_little_box
D:9:      enter_bailey_2
Temple:   compressed_dpeg_triangle_lava_temple
Bailey:   bailey_polearm_2, bailey

Skill      XL: |  1  2  3  4  5  6  7  8  9 |
---------------+----------------------------+-----
Fire Magic     | 3 4 5 6 |  6.9
Conjurations   | 3 5 7 9 |  9.0
Evocations     | 1 |  1.2
Dodging        | 2 3 |  3.7
Spellcasting   | 3 |  3.4
Stealth        | |  1.7

Action                   |  1- 3 |  4- 6 |  7- 9 || total
-------------------------+-------+-------+-------++-------
Melee: Dagger            |    48 |   127 |   100 ||   275
       Headbutt          |       |     5 |    24 ||    29
       Trident           |       |       |    31 ||    31
       Spear             |       |       |     7 ||     7
 Cast: Flame Tongue      |    30 |    91 |    56 ||   177
       Conjure Flame     |     1 |       |     2 ||     3
       Sticky Flame      |       |     5 |    25 ||    30
Evoke: Wand              |       |     6 |     4 ||    10
  Use: Potion            |     1 |       |     5 ||     6
       Scroll            |       |     9 |     5 ||    14
 Stab: Sleeping          |     3 |     4 |     9 ||    16
       Distracted        |       |     1 |       ||     1
  Eat: Chunk             |     1 |    10 |    14 ||    25
       Beef jerky        |       |     1 |     1 ||     2
       Fruit             |       |       |     2 ||     2
       Bread ration      |       |       |     2 ||     2
       Pizza             |       |       |     1 ||     1
       Meat ration       |       |       |     2 ||     2
Armor: Robe              |    33 |    32 |    53 ||   118
Dodge: Dodged            |    63 |    95 |   134 ||   292
